 Dungeon Crawl Stone Soup version 0.20-a0-1124-g2e29d97 (webtiles) character file.

1192 inmateoo the Covert (level 8, 0/39 HPs)
             Began as a Felid Monk on May 15, 2017.
             Was a Priest of Makhleb.
             Slain by an orc warrior
             ... wielding a +0 war axe
              (15 damage)
             ... on level 8 of the Dungeon.
             The game lasted 00:12:09 (8704 turns).

inmateoo the Covert (Felid Monk)                    Turns: 8704, Time: 00:12:10

Health: 0/39       AC:  2    Str:  6    XL:     8   Next: 20%
Magic:  7/16       EV: 26    Int: 12    God:    Makhleb [***...]
Gold:   74         SH:  0    Dex: 20    Spells: 17/17 levels left
                                        Lives:  0   Deaths: 2

rFire    + . .     SeeInvis +     - Unarmed
rCold    . . .     Gourm    .   (shield unavailable)
rNeg     . . .     Faith    .   (armour unavailable)
rPois    .         Spirit   .   (helmet unavailable)
rElec    .         Reflect  .   (cloak unavailable)
rCorr    .         Harm     .   (gloves unavailable)
MR       ++...                  (boots unavailable)
Stlth    +++++.....             (no amulet)
Regen    0.2/turn               x - ring of protection from magic
MPRegen  0.2/turn               (no ring)

@: quick
A: no armour, no weapons or thrown items, stealth, claws 1, fangs 3, horns 1,
see invisible, carnivore 3, fire resistance 1, speed 1, shaggy fur 2, slow
metabolism 1, weak 1, MP-powered wands, sharp paws
a: Minor Destruction, Lesser Servant of Makhleb, Renounce Religion


You were on level 8 of the Dungeon.
You worshipped Makhleb.
Makhleb was most pleased with you.
You were full.

You visited 2 branches of the dungeon, and saw 9 of its levels.

You collected 434 gold pieces.
You spent 360 gold pieces at shops.

Inventory:

Jewellery
 x - a ring of protection from magic (left paw)
Wands
 j - a wand of flame (30/48)
 n - a wand of paralysis (6/24)
 o - a wand of random effects (32/48)
 p - a wand of random effects (7/48)
 s - a wand of acid (9/15)
 y - a wand of digging (12/24)
 z - a wand of scattershot (4/9)
 B - a wand of polymorph (15/24)
Scrolls
 h - a scroll of fear
 k - 5 scrolls of remove curse
 m - 4 scrolls of teleportation
 r - a scroll of torment {unknown}
 t - 2 scrolls of blinking
 w - a scroll of amnesia
Potions
 b - 2 potions of berserk rage
 d - 2 potions of flight
 e - a potion of resistance
 f - 3 potions of lignification
 g - 2 potions of heal wounds
 i - 3 potions of haste
 l - 2 potions of agility
 q - 2 potions of might
 u - 2 potions of curing
 v - a potion of brilliance {unknown}
Comestibles
 a - 4 meat rations
 c - 8 royal jellies


   Skills:
 + Level 6.9 Fighting
 + Level 9.1 Dodging
 + Level 10.6 Stealth
 * Level 9.4 Unarmed Combat
 - Level 5.0 Spellcasting
 + Level 6.0 Evocations


You had 17 spell levels left.
You didn't know any spells.

Dungeon Overview and Level Annotations

Branches:
Dungeon (8/15)             Temple (1/1) D:4
   Lair: D:8-11

Altars:
Cheibriados
Dithmenos
Fedhas
Gozag
Kikubaaqudgha
Makhleb
Okawaru
Qazlal
Ru
Sif Muna
Trog
Uskayaw
Vehumet
Wu Jian
Xom
Yredelemnul
The Shining One

Shops:
D:7 *


Innate Abilities, Weirdness & Mutations

You cannot wear armour.
You are incapable of wielding weapons or throwing items.
Your paws allow you to move quietly. (Stealth)
You have sharp claws.
You have razor-sharp teeth.
You have supernaturally acute eyesight. (SInv)
You are carnivorous and can eat meat at any time.
You cover ground quickly.
You are covered in thick fur. (AC +2)
You have a slow metabolism.
Your sharp claws are effective at attacking unaware monsters.
You have a pair of small horns on your head.
Your flesh is heat resistant. (rF+)
You are weak. (Str -2)
You expend magic power (3 MP) to strengthen your wands.


Message History

Evoke which item? (* to show all) (? for menu, Esc to quit)
Aiming: Random Effects (will waste charges)
Press: ? - help, Shift-Dir - straight line, f/p - orc warrior
Aim: an orc warrior, wielding a war axe and wearing a chain mail (moderately wounded)
The orc warrior seems to speed up.
Evoking this partially-identified wand wasted a few charges.
The orc warrior misses you.
Unknown command.
Unknown command.
Evoke which item? (* to show all) (? for menu, Esc to quit)
Aiming: Random Effects (will waste charges)
Press: ? - help, Shift-Dir - straight line, f/p - orc warrior
Aim: an orc warrior, wielding a war axe and wearing a chain mail (moderately wounded, fast)
The puff of flame hits the orc warrior.
The orc warrior is severely wounded.
Evoking this partially-identified wand wasted a few charges.
Your skill with magical items lets you calculate the power of this device...
This wand has 7 charges left.
The orc warrior hits you with a war axe!
You die...

##......# ##..##
##.......# ###..##
##........# ##..###
#.....<...# ##..##
#.........## ###..##
#........).# ##..###
#.........[########..##
##........#†...##...##
..........#....o@..##
..#.........######..#
####........# #..## #
######..## ##..##
###### ##..# ##..#
.....###..## ##.##
.....)...## #..##
###..)...# ##..##
#####..# ##..#


You could see an orc warrior.

Vanquished Creatures
  A two-headed ogre (D:7)
  Pikel (D:6)
  Grinder (D:6)
  Sigmund (D:3)
  A hungry ghost (D:7)
  2 orc warriors
  2 sky beasts
  The ghost of poirepourri the Shield-Bearer, an amateur MiFi (D:3)
  An ogre (D:7)
  2 centaurs
  5 bullfrogs
  A wyvern skeleton (D:6)
  2 howler monkeys (D:8)
  4 crimson imps
  A bullfrog skeleton (D:5)
  4 orc priests
  7 orc wizards
  5 worker ants
  A hound skeleton (D:4)
  A worker ant zombie (D:6)
  A gnoll (D:1)
  8 adders
  3 shadow imps
  2 oozes
  An adder skeleton (D:4)
  2 worms (D:2)
  A dart slug (D:1)
  3 leopard geckos
  33 orcs
  5 giant cockroaches
  8 hobgoblins
  2 jackals (D:6)
  6 kobolds
  7 quokkas
  3 ball pythons
  10 bats
  3 frilled lizards
  6 goblins
  9 rats
157 creatures vanquished.

Vanquished Creatures (others)
  An orc wizard (D:6)
  3 jackals (D:6)
  A frilled lizard (D:6)
5 creatures vanquished.

Grand Total: 162 creatures vanquished

Notes
Turn   | Place    | Note
-------+----------+-------------------------------------------
     0 | D:1      | inmateoo the Felid Monk began the quest for the Orb.
     0 | D:1      | Reached XP level 1. HP: 10/10 MP: 2/2
   332 | D:1      | Reached skill level 3 in Stealth
   336 | D:1      | Reached XP level 2. HP: 10/14 MP: 3/3
   769 | D:1      | Reached XP level 3. HP: 17/17 MP: 4/4
  1951 | D:2      | Found an iron altar of Okawaru.
  2010 | D:2      | Found a blossoming altar of Fedhas.
  2010 | D:2      | Found a shadowy altar of Dithmenos.
  2136 | D:2      | Found a glowing golden altar of the Shining One.
  2259 | D:2      | Found a shimmering altar of Xom.
  2266 | D:2      | Reached XP level 4. HP: 13/21 MP: 5/5
  2487 | D:3      | HP: 1/21 [orc (2)]
  2861 | D:3      | Noticed Sigmund
  3223 | D:3      | Reached skill level 5 in Dodging
  3441 | D:3      | Noticed poirepourri's ghost (amateur MiFi)
  3462 | D:3      | Killed poirepourri's ghost
  3462 | D:3      | Reached skill level 4 in Stealth
  3462 | D:3      | Reached XP level 5. HP: 25/25 MP: 6/6
  3988 | D:3      | Killed Sigmund
  3988 | D:3      | Reached skill level 5 in Unarmed Combat
  3988 | D:3      | Reached skill level 1 in Evocations
  3988 | D:3      | Gained mutation: You are covered in thick fur. (AC +2) [Felid growth]
  3988 | D:3      | Reached XP level 6. HP: 28/28 MP: 6/8
  4738 | D:4      | Found an ornate altar of the Wu Jian Council.
  4796 | D:4      | Reached skill level 5 in Fighting
  4796 | D:4      | Reached skill level 9 in Stealth
  4796 | D:4      | Reached skill level 5 in Spellcasting
  4796 | D:4      | Reached XP level 7. HP: 34/34 MP: 8/15
  4830 | D:4      | Found a staircase to the Ecumenical Temple.
  4833 | D:4      | Reached XP level 8. HP: 38/38 MP: 12/16
  4841 | Temple   | Entered the Ecumenical Temple
  4869 | Temple   | Became a worshipper of Makhleb the Destroyer
  4869 | Temple   | Reached * piety under Makhleb
  4869 | Temple   | Reached ** piety under Makhleb
  5157 | D:4      | Found a radiant altar of Vehumet.
  5444 | D:5      | Entered Level 5 of the Dungeon
  6754 | D:6      | Found a sacrificial altar of Ru.
  6754 | D:6      | Noticed Pikel
  6756 | D:6      | Killed Pikel
  6756 | D:6      | Reached skill level 5 in Evocations
  7119 | D:6      | Reached XP level 9. HP: 41/41 MP: 17/17
  7204 | D:6      | Noticed Grinder
  7207 | D:6      | Killed Grinder
  7207 | D:6      | Reached skill level 10 in Stealth
  7309 | D:6      | Gained mutation: You are weak. (Str -2) [mutagenic meat]
  7310 | D:6      | Gained mutation: You have an increased reservoir of magic. (+10% MP) [mutagenic meat]
  7311 | D:6      | Lost mutation: You have an increased reservoir of magic. (+10% MP) [mutagenic meat]
  7312 | D:6      | Gained mutation: You expend magic power (3 MP) to strengthen your wands. [mutagenic meat]
  7552 | D:7      | Gained mutation: You have a pair of small horns on your head. [mutagenic meat]
  7553 | D:7      | Gained mutation: Your flesh is heat resistant. (rF+) [mutagenic meat]
  7565 | D:7      | Reached *** piety under Makhleb
  7686 | D:7      | Found Naapumaote's Assorted Antiques.
  7689 | D:7      | Bought a lumpy garnet amulet for 120 gold pieces
  7689 | D:7      | Bought a potion of agility for 96 gold pieces
  7689 | D:7      | Bought a shiny ivory wand for 96 gold pieces
  7689 | D:7      | Bought a scroll of identify for 48 gold pieces
  7822 | D:7      | Noticed a two-headed ogre
  7871 | D:7      | Killed a two-headed ogre
  8259 | D:8      | Found an opulent altar of Gozag.
  8354 | D:8      | Mangled by an orc warrior
  8355 | D:8      | Reached XP level 8. HP: -8/39 MP: 16/16
  8430 | D:8      | Reached XP level 9. HP: 42/42 MP: 17/17
  8544 | D:8      | Slain by an orc warrior
  8545 | D:8      | Reached XP level 8. HP: -3/39 MP: 16/16
  8704 | D:8      | Slain by an orc warrior

Vault maps used:
D:1:      tarquinn_simple_flora_water_a, serial_co_window_serial,
          co_window_corner_a, co_window_paths_a, co_window_of_opportunity_a,
          co_window_corner_a, co_window_paths_a, co_window_of_opportunity_a,
          co_window_paths_a, co_window_of_opportunity_a, co_window_paths_b,
          co_window_corner_b, co_window_broadway_c, co_window_broadway_a,
          co_window_broadway_b, glass_columns_b, glass_columns_b,
          glass_columns_b
D:2:      old_standard_altar, lemuel_coloured_pillars_altar,
          gammafunk_temple_overflow_elements, interstate_on_off, tso_metal_star
D:3:      uniq_sigmund
D:4:      lemuel_doored_altar, minmay_temple_entry_mist, vehumet_altar_wand_db
D:5:      first_bread
D:6:      minmay_diamond_boxcup, nicolae_ru_great_annihilating_truth,
          uniq_grinder, uniq_pikel
D:7:      serial_shops, kennysheep_mini_moat
D:8:      nicolae_gozag_cash_rules_everything_around_me, grunt_livestock,
          dk_yredelemnul_ordeal
Temple:   eino_temple_rhombus

Skill      XL: |  1  2  3  4  5  6  7  8  9 |
---------------+----------------------------+-----
Stealth        | 3 4 9 10 | 10.6
Unarmed Combat | 4 5 8 9 |  9.4
Dodging        | 5 7 8 9 |  9.1
Fighting       | 4 5 6 |  6.9
Evocations     | 1 4 6 |  6.0
Spellcasting   | 5 |  5.0

Action                   |  1- 3 |  4- 6 |  7- 9 || total
-------------------------+-------+-------+-------++-------
Melee: Unarmed           |   113 |   157 |   280 ||   550
       Bite              |    10 |    18 |    29 ||    57
       Punch             |     4 |     1 |    13 ||    18
       Headbutt          |       |       |    24 ||    24
Evoke: Wand              |       |     4 |    15 ||    19
  Use: Potion            |     1 |     2 |       ||     3
       Scroll            |       |    12 |     8 ||    20
 Stab: Sleeping          |     9 |     3 |    16 ||    28
       Distracted        |     1 |     1 |     1 ||     3
       Paralysed         |       |     7 |     3 ||    10
  Eat: Chunk             |    10 |     5 |    21 ||    36
Armor: Skin              |     2 |     7 |     5 ||    14
Dodge: Dodged            |    81 |   121 |   233 ||   435
